 Dungeon Crawl Stone Soup version 0.20.0-10-g0535bb4 (webtiles) character file.

46 tkappleton the Charmwright (level 3, -7/27 HPs)
             Began as a Vampire Skald on June 5, 2017.
             Mangled by a gnoll
             ... wielding a +0 spear
              (12 damage)
             ... on level 2 of the Dungeon.
             The game lasted 00:15:51 (1714 turns).

tkappleton the Charmwright (Vampire Skald)          Turns: 1714, Time: 00:15:52

Health: -7/27      AC:  3    Str: 10    XL:     3   Next: 46%
Magic:  4/7        EV: 12    Int: 16    God:
Gold:   72         SH:  0    Dex: 13    Spells: 2/7 levels left

rFire    . . .     SeeInvis +   a - +0 hand axe
rCold    . . .     Gourm    .   (no shield)
rNeg     + . .     Faith    .   b - +0 leather armour
rPois    .         Spirit   .   (no helmet)
rElec    .         Reflect  .   (no cloak)
rCorr    .         Harm     .   (no gloves)
MR       .....                  (no boots)
Stlth    +.........             (no amulet)
Regen    0.1/turn               (no ring)
MPRegen  0.1/turn               (no ring)

@: infused
A: fangs 3, see invisible, unbreathing
a: Bat Form


You were on level 2 of the Dungeon.
You were not thirsty.

You visited 1 branch of the dungeon, and saw 2 of its levels.

You collected 72 gold pieces.

Inventory:

Hand Weapons
 a - a +0 hand axe (weapon)
Armour
 b - a +0 leather armour (worn)
Scrolls
 e - a scroll of noise {unknown}
 g - a scroll of identify {unknown}
 i - a scroll of remove curse {unknown}
 j - 2 scrolls of teleportation {unknown}
Potions
 d - a potion of blood
 f - 2 potions of curing {unknown}
 h - a potion of invisibility {unknown}
Books
 c - a book of Battle

   Spells                             Type                      Level
   a - Infusion                       Charms                       1
   b - Shroud of Golubria             Charms/Translocation         2
   c - Song of Slaying                Charms                       2
   d - Spectral Weapon                Hexes/Charms                 3
   e - Regeneration                   Charms/Necromancy            3


   Skills:
 - Level 1.7 Fighting
 - Level 1.7 Axes
 - Level 0.7 Armour
 - Level 2.1 Dodging
 + Level 2.9 Spellcasting
 + Level 4.2 Charms


You had 2 spell levels left.
You knew the following spells:

 Your Spells              Type           Power        Failure   Level  Hunger
a - Infusion              Chrm           ###.         4%          1    #......
b - Shroud of Golubria    Chrm/Tloc      #.........   16%         2    ##.....
c - Song of Slaying       Chrm           ###.....     7%          2    ##.....


Dungeon Overview and Level Annotations

Branches:
Dungeon (2/15)

Altars:
Hepliaklqana
Trog


Innate Abilities, Weirdness & Mutations

You have razor-sharp teeth.
You have supernaturally acute eyesight. (SInv)
You can survive without breathing.


Message History

You hit the dart slug.
The dart slug is severely wounded.
The gnoll closely misses you. The dart slug barely misses you.
The gnoll hits you from afar with a spear.
You hit the dart slug.
You kill the dart slug!
You hear a shout!
The gnoll hits you from afar with a spear. 2 gnolls come into view.
You hit the gnoll!
The gnoll is severely wounded.
The gnoll barely misses you.
The gnoll hits you from afar with a spear.
The gnoll moves out of view.
You closely miss the gnoll.
The gnoll is severely wounded.
The gnoll hits you with an enchanted spear!
* * * LOW HITPOINT WARNING * * *
The gnoll hits you from afar with a spear!
You die...

...#...##.#
..........#####
...#...#......#
........#####.#
########†...#
#####......#...#
#...#)...#.# ##
#.#.#.#..#.#
#@#......#.#
.....gg.###....#.#
......### ######.#
...... .# .....
..... ####


You could see 2 gnolls.

Vanquished Creatures
  5 dart slugs
  A leopard gecko (D:1)
  5 bats
  4 giant cockroaches
  2 goblins (D:1)
  4 hobgoblins (D:1)
  5 kobolds
  A quokka (D:2)
  A ball python (D:2)
  3 frilled lizards (D:1)
  2 rats (D:1)
33 creatures vanquished.

Notes
Turn   | Place    | Note
-------+----------+-------------------------------------------
     0 | D:1      | tkappleton the Vampire Skald began the quest for the Orb.
     0 | D:1      | Reached XP level 1. HP: 16/16 MP: 3/3
   276 | D:1      | Reached XP level 2. HP: 22/22 MP: 5/5
   498 | D:1      | Learned a level 2 spell: Shroud of Golubria
   501 | D:1      | Learned a level 2 spell: Song of Slaying
  1140 | D:1      | Reached skill level 4 in Charms
  1205 | D:1      | Reached XP level 3. HP: 26/27 MP: 4/7
  1555 | D:2      | Found a bloodstained altar of Trog.
  1555 | D:2      | Found a hazy altar of Hepliaklqana.
  1714 | D:2      | Mangled by a gnoll

Skill      XL: |  1  2 |
---------------+-------+-----
Charms         | 4 |  4.2
Fighting       | |  1.7
Axes           | |  1.7
Armour         | |  0.7
Dodging        | |  2.1
Spellcasting   | |  2.9

Action                   || total
-------------------------++-------
Melee: Hand axe          ||   131
       Bite              ||     8
 Cast: Song of Slaying   ||    10
       Infusion          ||     1
 Stab: Sleeping          ||     1
  Eat: Corpse            ||     8
Armor: Leather armour    ||    35
Dodge: Dodged            ||   103
